 Dungeon Crawl Stone Soup version 0.28.0-53-g5a82cb258f (webtiles) character file.

Game seed: 13913992100679834384

29 Sin92 the Skirmisher (level 3, -2/29 HPs)
             Began as a Demonspawn Fighter on June 27, 2022.
             Slain by a worm (3 damage)
             ... on level 2 of the Dungeon.
             The game lasted 00:00:59 (980 turns).

Sin92 the Skirmisher (Demonspawn Fighter)            Turns: 980, Time: 00:00:59

Health: -2/29      AC:  6    Str: 16    XL:     3   Next: 1%
Magic:  3/3        EV:  9    Int:  9    God:
Gold:   21         SH:  4    Dex: 14    Spells: 2/2 levels left

rFire   . . .      SeeInvis .   a - +0 long sword
rCold   . . .      Faith    .   c - +0 buckler
rNeg    . . .      Spirit   .   b - +0 scale mail
rPois   .          Reflect  .   (no helmet)
rElec   .          Harm     .   (no cloak)
rCorr   .          Rampage  .   (no gloves)
Will    .....                   (no boots)
Stlth   ..........              (no amulet)
HPRegen 0.09/turn               (no ring)
MPRegen 0.08/turn               (no ring)

@: no status effects
A: claws 1
a: no special abilities


You were on level 2 of the Dungeon.
You visited 1 branch of the dungeon, and saw 2 of its levels.

You collected 21 gold pieces.

Inventory:

Hand Weapons
 a - a +0 long sword (weapon)
Armour
 b - a +0 scale mail (worn)
 c - a +0 buckler (worn)
Scrolls
 e - a scroll of enchant weapon {unknown}
 f - a scroll of noise {unknown}
 g - a scroll of enchant armour {unknown}
 i - a scroll of identify {unknown}
Potions
 d - 2 potions of might
 h - a potion of haste {unknown}


   Skills:
 + Level 3.1 Fighting
 * Level 2.3 Long Blades
 + Level 3.0 Armour
 + Level 0.7 Dodging
 + Level 2.8 Shields


You had 2 spell levels left.
You didn't know any spells.
Your spell library was empty.

Dungeon Overview and Level Annotations

Branches:
Dungeon (2/15)

Altars:

Shops:
D:1 [


Innate Abilities, Weirdness & Mutations

You have sharp fingernails.


Message History

The kobold hits you but does no damage. The worm bites you.
There are monsters nearby!
Unknown command.
You completely miss the worm.
The worm is heavily wounded.
The kobold barely misses you. The kobold hits you but does no damage.
The worm bites you.
Unknown command.
There are monsters nearby!
You are too injured to fight recklessly!
You are too injured to fight recklessly!
Unknown command.
There are monsters nearby!
You are too injured to fight recklessly!
There are monsters nearby!
Unknown command.
The kobold throws a stone.
The stone closely misses you. The kobold completely misses you.
You miss the kobold. The kobold barely misses you.
You hit the kobold but do no damage. The kobold hits you but does no damage.
You hit the kobold but do no damage. The kobold hits you but does no damage.
The kobold hits you with a +0 dagger.
You hit the kobold.
You kill the kobold!
You hit the worm.
The worm is moderately wounded.
You hit the worm but do no damage.
The worm is moderately wounded.
The worm bites you but does no damage.
You hit the worm but do no damage.
The worm is moderately wounded.
The worm bites you!
* * * LOW HITPOINT WARNING * * *
You slash the worm!
The worm is severely wounded.
You block the worm's attack.
You barely miss the worm.
The worm is severely wounded.
The worm bites you.
You die...

.........#
.........#
.........######
......†....>..#
..........##.#
..........##.#
#.#######.##.#
#w##.# #@##.#
#.##.#
##.##.#####
#.....#...#
#..#..#.#.#####
#..#..........# .
..
###..#....#.###.#
#...#.#
^##..######.# #.#
#.#.#.# #.##..#
#.###.#


You could see a worm.

Vanquished Creatures
  A dart slug (D:1)
  3 bats (D:1)
  An endoplasm (D:2)
  A goblin (D:1)
  2 hobgoblins (D:1)
  3 kobolds
  4 quokkas
  4 ball pythons
  5 rats
24 creatures vanquished.

Notes
Turn   | Place    | Note
-------+----------+-------------------------------------------
     0 | D:1      | Sin92 the Demonspawn Fighter began the quest for the Orb.
     0 | D:1      | Reached XP level 1. HP: 18/18 MP: 1/1
   115 | D:1      | Found Cuxkouc's Armour Boutique.
   179 | D:1      | Discovered your monstrous ancestry.
   179 | D:1      | Gained mutation: You have sharp fingernails. [demonic
                  | ancestry]
   179 | D:1      | Reached XP level 2. HP: 24/24 MP: 2/2
   506 | D:1      | Found a faded altar of an unknown god.
   960 | D:2      | Reached XP level 3. HP: 27/29 MP: 3/3
   978 | D:2      | HP: 1/29 [worm (9)]
   980 | D:2      | Slain by a worm

Illustrated notes

Levels and vault maps discovered:
D:1:      sevenhm_arrival_forest_fort_small_6, layout_basic,
          hellmonk_ecumenical_altar_run_dry, serial_shops, shop
D:2:      layout_basic

Skill      XL: |  1  2 |
---------------+-------+-----
Long Blades    | 2 |  2.3
Armour         | 3 |  3.0
Fighting       | |  3.1
Dodging        | |  0.7
Shields        | |  2.8

Action                   || total
-------------------------++-------
Melee: Long sword        ||    64
Armor: Scale mail        ||    37
Dodge: Dodged            ||    24
Block: Buckler           ||    18
